cohdb
Replays
Latest Replays
All Replays
Popular Replays
Top Player Replays
Match Explorer
How It Works
Community
CoH3 Stats
Reddit
Sign in to upload your games and track your stats! →
Sign in with Steam
Match 41062465
Unlisted
Match 41062465
Overview
Messages
Build Orders
End
Panzergrenadier Squad
Panzergrenadier Squad
Construct Light Support Kompanie
MG34 Team
Selects Panzerjäger Kommand Battlegroup
Selects Mine Fields
Assault Grenadier Squad
Fire Support Elements
Flakvierling Half-track
Selects Early Warning
Panzerjäger Mechanized Group
2.5-tonne Medical Truck
Selects Butterfly Bomb Drop
Butterfly Bomb Drop
Pak 38 Anti-tank Gun Team
Construct Panzerarmee Kommand
Selects Tank Busters
Selects Crew Shock Tactics
Panzerpioneer Squad
Steiner
WadoVice
0
0
Comments
sign in to comment!
No comments posted yet!